 Dungeon Crawl Stone Soup version 0.19-a0-262-g5df7875 (webtiles) character file.

1446 oplop the Sneak (level 8, -19/36 HPs)
             Began as a Vine Stalker Enchanter on May 25, 2016.
             Killed by an exploding fulminant prism (29 damage)
             ... created by rb10c's ghost
             ... on level 6 of the Dungeon.
             The game lasted 00:08:31 (4010 turns).

oplop the Sneak (Vine Stalker Enchanter)            Turns: 4010, Time: 00:08:32

Health: -19/36     AC: 10    Str: 11    XL:     8   Next: 75%
Magic:  0/25       EV: 14    Int: 15    God:
Gold:   255        SH:  5    Dex: 17    Spells: 2 memorised, 12 levels left

rFire  . . .     SeeInvis .     s - +2 dagger (drain)
rCold  . . .     Gourm    .     b - +2 robe
rNeg   . . .     Faith    .     (no shield)
rPois  .         Spirit   +     n - +2 helmet
rElec  .         Dismiss  .     r - +2 cloak
rCorr  .         Reflect  +     (no gloves)
SustAt .         Harm     .     (no boots)
MR     +....                    i - +5 amulet of reflection
Stlth  ++++......               u - ring of flight
                                k - ring of magical power

@: somewhat resistant to hostile enchantments, stealthy
A: fangs 3, regeneration 2, magic shield, antimagic bite, no device heal 3, rot
immunity
a: Evoke Flight


You were on level 6 of the Dungeon.
You were hungry.

You visited 1 branch of the dungeon, and saw 6 of its levels.

You collected 255 gold pieces.

Inventory:

Hand Weapons
 s - a +2 dagger of draining (weapon)
Armour
 b - a +2 robe (worn)
 n - a +2 helmet (worn)
 r - a +2 cloak (worn)
Jewellery
 i - a +5 amulet of reflection (around neck)
 k - a ring of magical power (left hand)
 u - a ring of flight (right hand)
Scrolls
 a - a scroll of fog {unknown}
 e - a scroll of random uselessness
 f - 2 scrolls of recharging {unknown}
 g - 6 scrolls of identify {unknown}
 y - 2 scrolls of immolation {unknown}
 F - a scroll of enchant weapon {unknown}
Potions
 j - 2 potions of haste {unknown}
 o - a potion of ambrosia {unknown}
 q - a potion of agility {unknown}
 w - 2 potions of degeneration {unknown}
 x - a potion of might {unknown}
 z - a potion of flight {unknown}
 B - 2 potions of curing {unknown}
 C - a potion of mutation {unknown}
Books
 c - a book of Maledictions

   Spells                             Type                      Level
   a - Corona                         Hexes                        1
   b - Ensorcelled Hibernation        Hexes/Ice                    2
   c - Confuse                        Hexes                        3
   d - Tukima's Dance                 Hexes                        3
   e - Dazzling Spray                 Conjuration/Hexes            3
 v - a book of Minor Magic

   Spells                             Type                      Level
   a - Magic Dart                     Conjuration                  1
   b - Blink                          Translocation                2
   c - Call Imp                       Summoning                    2
   d - Repel Missiles                 Charms/Air                   2
   e - Slow                           Hexes                        2
   f - Conjure Flame                  Conjuration/Fire             3
   g - Mephitic Cloud                 Conjuration/Poison/Air       3
Comestibles
 d - 4 bread rations
 m - 3 meat rations
 E - 2 fruits


   Skills:
 + Level 4.4 Short Blades
 + Level 4.2 Dodging
 + Level 6.9 Stealth
 + Level 5.0 Spellcasting
 + Level 5.6 Hexes


You had 12 spell levels left.
You knew the following spells:

 Your Spells              Type           Power        Failure   Level  Hunger
b - Ensorcelled Hibernat  Hex/Ice        ##....       10%         2    ##.....
c - Confuse               Hex            ###.....     6%          3    ###....


Dungeon Overview and Level Annotations

Branches:
Dungeon (6/15)
 Temple: D:4-7

Altars:
Elyvilon
Trog
Yredelemnul


Innate Abilities, Weirdness & Mutations

You have razor-sharp teeth.
You heal very quickly.
When hurt, damage is shared between your health and your magic reserves.
Your bite disrupts and absorbs the magic of your enemies.
Potions and wands cannot restore your health.
You are immune to rotting.


Message History

Read which item? (? for menu, Esc to quit)
As you read the scroll labeled RONYTACS ZEGO, it crumbles to dust.
You feel blessed for a moment.
It was a scroll of remove curse.
Rb10c's ghost points at thin air and mumbles some strange words.
Rb10c's ghost conjures a prism of explosive energy!
Rb10c's ghost gestures next to you while chanting.
Rb10c's ghost conjures a prism of explosive energy!
The fulminant prism crackles loudly.
A fulminant prism comes into view.
Unknown command.
The fulminant prism crackles loudly.
The fulminant prism explodes!
The blast of energy engulfs rb10c's ghost.
Rb10c's ghost is destroyed!
Your Spellcasting skill increases to level 5!
Unknown command.
The fulminant prism explodes!
The blast of energy engulfs you!
Ouch! That really hurt!
You die...

#.........††.........,,,,,*,,,
#....................,,,,,,,,,
#....................,,,*,,,,*
##........)†W........,,,,,,,,*
#.........########...,,,,,,,,*
#...........## *...,,,,,,,,*
#.........#..## *#....,**,,,*
#....<....##..# #....****,,,
#.........###@#####.#.########
##.......## #..##.....##......
##.....## #..#..............
####### #.................
#.................
###.......).......
##############...............
##.....#......................
##.............#...............


There were no monsters in sight!

Vanquished Creatures
  Sigmund (D:3)
  A black bear (D:6)
  2 centaurs
  A wyvern skeleton (D:6)
  A scorpion (D:5)
  3 howler monkeys
  2 crimson imps
  A hound (D:6)
  A giant frog skeleton (D:4)
  A gnoll shaman (D:6)
  3 orc wizards
  Natasha (D:3)
  2 worker ants
  A hound skeleton (D:5)
  6 gnolls
  7 adders
  A shadow imp (D:4)
  2 dart slugs
  5 giant geckos
  23 orcs
  A ball python (D:3)
  4 giant cockroaches
  3 goblins
  4 hobgoblins
  10 jackals
  5 bats
  A giant gecko skeleton (D:4)
  3 giant newts
  A jackal skeleton (D:5)
  4 kobolds
  7 rats
108 creatures vanquished.

Vanquished Creatures (others)
  The ghost of rb10c the Thaumaturge, a novice DECj (D:6)
  A wyvern skeleton (D:6)
  3 fulminant prisms (D:6)
5 creatures vanquished.

Grand Total: 113 creatures vanquished

Notes
Turn   | Place    | Note
--------------------------------------------------------------
     0 | D:1      | oplop the Vine Stalker Enchanter began the quest for the Orb.
     0 | D:1      | Reached XP level 1. HP: 9/9 MP: 4/4
    56 | D:1      | Reached skill level 1 in Short Blades
   151 | D:1      | Reached XP level 2. HP: 7/13 MP: 4/6
   876 | D:2      | Learned a level 2 spell: Ensorcelled Hibernation
   942 | D:2      | Found a white marble altar of Elyvilon.
  1019 | D:2      | Reached XP level 3. HP: 11/16 MP: 7/7
  1021 | D:2      | Reached skill level 4 in Stealth
  1374 | D:3      | Reached XP level 4. HP: 21/21 MP: 9/9
  1464 | D:3      | Noticed a centaur
  1486 | D:3      | Learned a level 3 spell: Confuse
  1533 | D:3      | Noticed Sigmund
  1639 | D:3      | Reached XP level 5. HP: 24/24 MP: 9/10
  1776 | D:3      | Killed Sigmund
  1776 | D:3      | Gained mutation: You heal very quickly. [Vine Stalker growth]
  1776 | D:3      | Reached XP level 6. HP: 27/28 MP: 12/12
  1911 | D:3      | Reached skill level 5 in Stealth
  2002 | D:3      | Noticed Natasha
  2027 | D:3      | Killed Natasha
  2203 | D:4      | Reached XP level 7. HP: 32/32 MP: 13/13
  2293 | D:4      | Found a basalt altar of Yredelemnul.
  2990 | D:5      | Entered Level 5 of the Dungeon
  3206 | D:5      | Found a bloodstained altar of Trog.
  3823 | D:6      | Reached skill level 6 in Stealth
  3823 | D:6      | Gained mutation: You have razor-sharp teeth. [Vine Stalker growth]
  3823 | D:6      | Reached XP level 8. HP: 36/36 MP: 15/15
  3903 | D:6      | Reached skill level 5 in Hexes
  3975 | D:6      | Noticed rb10c's ghost (novice DECj)
  4009 | D:6      | Killed rb10c's ghost
  4009 | D:6      | Reached skill level 5 in Spellcasting
  4010 | D:6      | Killed by an exploding fulminant prism

Vault maps used:
D:1:      mrwooster_arrival_statue_2, patterned_corridor
D:2:      elyvilon_altar_3, first_bread
D:3:      uniq_natasha, uniq_sigmund
D:4:      minmay_door_path, lemuel_doored_altar
D:5:      trog_butcher_becter
D:6:      lemuel_blue_sif_altar

Skill      XL: |  1  2  3  4  5  6  7  8 |
---------------+-------------------------+-----
Short Blades   | 1 2 3 4 |  4.4
Stealth        | 4 5 6 |  6.9
Dodging        | 2 3 4 |  4.2
Spellcasting   | 3 4 5 |  5.0
Hexes          | 4 5 |  5.6

Action                   |  1- 3 |  4- 6 |  7- 9 || total
-------------------------+-------+-------+-------++-------
Melee: Dagger            |    94 |    92 |   137 ||   323
       Bite              |    16 |    17 |    44 ||    77
 Cast: Corona            |     9 |     7 |       ||    16
       Ensorcelled Hiber |     1 |    16 |    11 ||    28
       Confuse           |       |     6 |    22 ||    28
  Use: Scroll            |       |       |     6 ||     6
 Stab: Sleeping          |     9 |     9 |    16 ||    34
       Distracted        |     1 |     1 |       ||     2
       Confused          |       |     1 |     6 ||     7
  Eat: Chunk             |     1 |     5 |     6 ||    12
       Beef jerky        |       |       |     1 ||     1
Armor: Robe              |     7 |    19 |    25 ||    51
Dodge: Dodged            |    51 |    63 |    57 ||   171
Block: Other             |       |    14 |    30 ||    44
       Reflection        |       |       |     2 ||     2
